 Dungeon Crawl Stone Soup version 0.30.1-4-g462c640d31 (webtiles) character file.

Game seed: 12719881012291798177

600 Bobit the Insei (level 7, -1/63 HPs)
             Began as a Gnoll Transmuter on Aug 11, 2023.
             Was an Initiate of Ru.
             Splashed by a jelly's acid (3 damage)
             ... on level 5 of the Dungeon.
             The game lasted 00:08:21 (3473 turns).

Bobit the Insei (Gnoll Transmuter)                  Turns: 3473, Time: 00:08:22

Health: -1/63      AC:  6    Str: 10    XL:     7   Next: 41%
Magic:  11/15      EV: 12    Int: 12    God:    Ru [......]
Gold:   131        SH:  0    Dex: 14    Spells: 10/17 levels left

rFire   x .          .
                       - Unarmed
rCold   + + +        (shield currently unavailable)
rNeg    . . .        a - melded +0 robe
rPois   +            (helmet currently unavailable)
rElec   .            (cloak currently unavailable)
rCorr   .            (gloves currently unavailable)
SInv    .            (boots currently unavailable)
Will    .....        (no amulet)
Stlth   ++           (no ring)
HPRegen 0.30/turn    (no ring)
MPRegen 0.14/turn

%: no passive effects
@: ice-form
A: freezing attack, amphibious, boosted hp, large, (fangs 1), strong nose,
distributed training
a: End Transformation, Renounce Religion


You were on level 5 of the Dungeon.
You worshipped Ru.
Ru was noncommittal.
You were a creature of crystalline ice.
You visited 1 branch of the dungeon, and saw 5 of its levels.

You collected 131 gold pieces.

Inventory:

Armour
 a - a +0 robe (melded)
Magical Staves
 m - a staff of fire
Scrolls
 c - 7 scrolls of identify {unknown}
 d - a scroll of enchant weapon {unknown}
 e - a scroll of brand weapon {unknown}
 g - a scroll of enchant armour {unknown}
 i - 2 scrolls of torment {unknown}
 k - 4 scrolls of teleportation {unknown}
 n - a scroll of immolation {unknown}
 p - a scroll of fog {unknown}
 q - a scroll of poison {unknown}
Potions
 b - a potion of lignification
 f - 2 potions of brilliance
 h - a potion of flight {unknown}
 j - 3 potions of curing {unknown}
 l - a potion of ambrosia {unknown}
 o - a potion of mutation {unknown}


   Skills:
 + Level 3.7 Fighting
 + Level 2.5 Short Blades
 + Level 2.5 Long Blades
 + Level 2.5 Axes
 + Level 2.5 Maces & Flails
 + Level 2.5 Polearms
 + Level 2.5 Staves
 + Level 2.5 Ranged Weapons
 + Level 2.5 Throwing
 + Level 2.5 Armour
 + Level 5.3 Dodging
 + Level 2.5 Stealth
 + Level 2.5 Shields
 + Level 7.1 Unarmed Combat
 + Level 5.6 Spellcasting
 + Level 2.1 Conjurations
 + Level 2.1 Hexes
 + Level 2.1 Summonings
 + Level 2.1 Necromancy
 + Level 2.1 Translocations
 + Level 4.3 Transmutations
 + Level 2.1 Fire Magic
 + Level 2.1 Ice Magic
 + Level 2.1 Air Magic
 + Level 2.1 Earth Magic
 + Level 2.1 Poison Magic
 + Level 2.8 Invocations
 + Level 2.5 Evocations


You had 10 spell levels left.
You knew the following spells:

 Your Spells              Type           Power      Damage    Failure   Level
a - Beastly Appendage     Tmut           26%        N/A       3%          1
b - Ice Form              Ice/Tmut       11%        N/A       45%         4
c - Wereblood             Tmut           13%        N/A       4%          2

Your spell library contained the following spells:

 Spells                   Type           Power      Damage    Failure   Level
 Spider Form              Tmut/Pois      11%        N/A       16%         3
 Animate Dead             Necr           8%         N/A       61%         4
 Haunt                    Necr/Summ      4%         N/A       100%        7
 Infestation              Necr           4%         N/A       100%        8


Dungeon Overview and Level Annotations

Branches:
Dungeon (5/15)
 Temple: D:4-7

Altars:
Cheibriados
Elyvilon
Ru


Innate Abilities, Weirdness & Mutations

You are a creature of crystalline ice.
You have a powerful freezing melee attack.
You are amphibious.
Your maximum health is increased.
Your armour is entirely melded.
You are incapable of wielding weapons or throwing items.
((You have very sharp teeth.))
Your uncanny sense of smell can sniff out nearby items.
Your experience applies equally to all skills.


Message History

The wight hits you with a +0 mace. The wight closely misses you.
You hit the wight but do no damage. Your kick misses the wight.
The wight is severely damaged.
The wight misses you. x2
The jelly jiggles.
You hit the wight but do no damage.
The wight is severely damaged.
The wight barely misses you. The wight closely misses you.
You closely miss the wight. You claw the wight, but do no damage.
The wight is severely damaged.
The wight hits you with a +0 mace! The wight hits you with a +0 falchion.
You are too injured to fight recklessly!
You hit the wight.
The wight is lightly damaged.
Your transformation is almost over.
The wight hits you with a +0 falchion.
* * * LOW HITPOINT WARNING * * *
You feel drained.
* * * LOW HITPOINT WARNING * * *
Casting: Beastly Appendage (safe; 3% risk of failure)
Confirm with . or Enter, or press ? or * to list all spells.
The spell is quite dangerous to miscast (45% risk of failure)!
Continue anyway?
Your horns disappear.
Your talons disappear.
You turn into a creature of crystalline ice.
Your +0 robe melds into your body.
The wight hits you with a +0 falchion.
* * * LOW HITPOINT WARNING * * *
You punch the wight! You freeze the wight.
The wight is severely damaged.
You hit the wight.
The wight is almost destroyed.
The wight hits you but does no damage.
You punch the wight!
You destroy the wight!
Your life force feels restored.
The jelly attacks as you move away! The jelly hits you.
* * * LOW HITPOINT WARNING * * *
You are splashed with acid!
* * * LOW HITPOINT WARNING * * *
You hit the jelly. You freeze the jelly.
Your front paws burn!
You die...

∆.... ............
... ###..........
#.> .............
..# ..........<. ..
#......... #.
##.....### #.##
###...#
#..#############...#
##.zJY.......#.....#
#.≈≈≈≈≈≈≈≈≈...#...#
#.≈.$.....≈.#.#...#
#.≈.♣♣♣.♣.≈...#####
#.≈.♣...♣.≈..##
#.≈.♣._.♣.≈..#
#...♣...♣.≈..#
#.≈.♣.♣♣♣.≈..# ..≈..


You could see a jelly and a wight.

Vanquished Creatures
  Grinder (D:4)
  A wight (D:5)
  3 hounds
  A sleepcap (D:4)
  Jessica (D:3)
  Natasha (thrice) (D:4)
  An orc wizard (D:4)
  6 adders
  3 worms
  A dart slug (D:4)
  5 bats
  6 endoplasms
  3 giant cockroaches (D:1)
  5 goblins
  4 hobgoblins
  5 kobolds
  2 quokkas
  6 ball pythons
  3 frilled lizards
  6 rats
66 creatures vanquished.

Notes
Turn   | Place    | Note
-------+----------+-------------------------------------------
     0 | D:1      | Bobit the Gnoll Transmuter began the quest for the Orb.
     0 | D:1      | Reached XP level 1. HP: 17/17 MP: 6/6
   176 | D:1      | Reached XP level 2. HP: 23/23 MP: 7/7
   779 | D:2      | Reached skill level 5 in Spellcasting
   779 | D:2      | Reached XP level 3. HP: 26/28 MP: 7/9
  1461 | D:2      | Reached skill level 1 in Invocations
  1599 | D:3      | Reached skill level 1 in Short Blades
  1599 | D:3      | Reached skill level 1 in Long Blades
  1599 | D:3      | Reached skill level 1 in Axes
  1599 | D:3      | Reached skill level 1 in Maces & Flails
  1599 | D:3      | Reached skill level 1 in Polearms
  1599 | D:3      | Reached skill level 1 in Staves
  1599 | D:3      | Reached skill level 1 in Ranged Weapons
  1599 | D:3      | Reached skill level 1 in Throwing
  1599 | D:3      | Reached skill level 1 in Armour
  1599 | D:3      | Reached skill level 1 in Stealth
  1599 | D:3      | Reached skill level 1 in Shields
  1599 | D:3      | Reached skill level 1 in Evocations
  1599 | D:3      | Reached XP level 4. HP: 17/34 MP: 11/11
  1676 | D:3      | Reached skill level 1 in Conjurations
  1676 | D:3      | Reached skill level 1 in Hexes
  1676 | D:3      | Reached skill level 1 in Summonings
  1676 | D:3      | Reached skill level 1 in Necromancy
  1676 | D:3      | Reached skill level 1 in Translocations
  1676 | D:3      | Reached skill level 1 in Fire Magic
  1676 | D:3      | Reached skill level 1 in Ice Magic
  1676 | D:3      | Reached skill level 1 in Air Magic
  1676 | D:3      | Reached skill level 1 in Earth Magic
  1676 | D:3      | Reached skill level 1 in Poison Magic
  1800 | D:3      | Found a faded altar of an unknown god.
  1808 | D:3      | Noticed Jessica
  1820 | D:3      | Learned a level 4 spell: Ice Form
  1823 | D:3      | Killed Jessica
  1824 | D:3      | Reached XP level 5. HP: 39/40 MP: 7/12
  2067 | D:3      | Found a white marble altar of Elyvilon.
  2827 | D:4      | Noticed Natasha
  2831 | D:4      | Killed Natasha
  2835 | D:4      | Learned a level 2 spell: Wereblood
  2898 | D:4      | Noticed Grinder
  2902 | D:4      | Paralysed by Grinder for 5 turns
  2919 | D:4      | Killed Grinder
  2920 | D:4      | Reached skill level 5 in Dodging
  2920 | D:4      | Reached XP level 6. HP: 28/47 MP: 8/14
  3217 | D:4      | Reached skill level 7 in Unarmed Combat
  3217 | D:4      | Reached XP level 7. HP: 27/52 MP: 13/15
  3221 | D:4      | Found a sacrificial altar of Ru.
  3228 | D:4      | Noticed Natasha
  3334 | D:4      | Became a worshipper of Ru the Awakened
  3359 | D:4      | Killed Natasha
  3389 | D:4      | Noticed Natasha
  3392 | D:4      | Killed Natasha
  3434 | D:5      | Entered Level 5 of the Dungeon
  3446 | D:5      | Found a snail-covered altar of Cheibriados.
  3472 | D:5      | HP: 2/63 [acid (10)]
  3473 | D:5      | Splashed by a jelly's acid

Illustrated notes

Levels and vault maps discovered:
D:1:      roderic_crop_circles_arrival_small, layout_loops_ring, serial_rivers,
          chequers_serial_rivers_large_b, chequers_serial_rivers_micro_c,
          chequers_serial_rivers_small_a, chequers_serial_rivers_micro_b
D:2:      layout_loops_ring
D:3:      layout_basic, mainiacjoe_overflow_paths,
          hellmonk_ecumenical_altar_run_dry, serial_bayou, serial_bayou_ford_a,
          serial_bayou_shore_a, serial_bayou_pond_e, serial_bayou_shore_b,
          nicolae_concentric_dashed_squares_wild, uniq_jessica
D:4:      layout_basic, nicolae_ru_great_annihilating_truth, minivault_23,
          minivault_11, uniq_natasha, uniq_grinder
D:5:      layout_rooms, mainiacjoe_overflow_brackets, uniq_pikel

Skill      XL: |  1  2  3  4  5  6  7 |
---------------+----------------------+-----
Spellcasting   | 5 |  5.6
Invocations    | 1 2 |  2.8
Short Blades   | 1 2 |  2.5
Long Blades    | 1 2 |  2.5
Axes           | 1 2 |  2.5
Maces & Flails | 1 2 |  2.5
Polearms       | 1 2 |  2.5
Staves         | 1 2 |  2.5
Ranged Weapons | 1 2 |  2.5
Throwing       | 1 2 |  2.5
Armour         | 1 2 |  2.5
Stealth        | 1 2 |  2.5
Shields        | 1 2 |  2.5
Evocations     | 1 2 |  2.5
Conjurations   | 1 2 |  2.1
Hexes          | 1 2 |  2.1
Summonings     | 1 2 |  2.1
Necromancy     | 1 2 |  2.1
Translocations | 1 2 |  2.1
Fire Magic     | 1 2 |  2.1
Ice Magic      | 1 2 |  2.1
Air Magic      | 1 2 |  2.1
Earth Magic    | 1 2 |  2.1
Poison Magic   | 1 2 |  2.1
Fighting       | 3 |  3.7
Transmutations | 4 |  4.3
Dodging        | 5 |  5.3
Unarmed Combat | 7 |  7.1

Action                     |  1- 3 |  4- 6 |  7- 9 || total
---------------------------+-------+-------+-------++-------
  Melee: Unarmed           |   110 |    94 |    30 ||   234
         Bite              |     6 |    12 |     2 ||    20
         Punch             |     3 |     9 |     1 ||    13
         Headbutt          |       |     3 |     4 ||     7
         Kick              |       |     2 |     5 ||     7
   Cast: Ice Form          |       |     2 |     2 ||     4
         Beastly Appendage |       |     4 |     3 ||     7
   Stab: Sleeping          |       |     7 |     1 ||     8
         Invisible         |       |       |     1 ||     1
 Armour: Robe              |     8 |     7 |     2 ||    17
         Skin              |       |       |     2 ||     2
  Dodge: Dodged            |    78 |    47 |    13 ||   138
